cohdb
Replays
Latest Replays
All Replays
Popular Replays
Top Player Replays
Match Explorer
How It Works
Community
CoH3 Stats
Reddit
Sign in to upload your games and track your stats! →
Sign in with Steam
Match 42576474
Unlisted
Match 42576474
Overview
Messages
Build Orders
End
Selects Italian Infantry
Selects Armored Support Battlegroup
Panzergrenadier Squad
Panzergrenadier Squad
250 Light Carrier
Construct Light Support Kompanie
Selects Defensive Operations
Assault Grenadier Squad
Fire Support Elements
Panzerpioneer Squad
Panzerpioneer Squad
Selects Territory Booby Traps
MG34 Team
Flakvierling Half-track
CPU - 标准
CPU - 标准
CPU - 标准
CPU - 标准
XuZhongwei
TBF
牛栏山阻击连
Meiti
0
0
Comments
sign in to comment!
No comments posted yet!